 Dungeon Crawl Stone Soup version 0.26.0-45-g9c1d065592 (webtiles) character file.

Game seed: 8539583205364511782

153 kaeus the Sneak (level 5, -4/37 HPs)
             Began as an Octopode Monk on Jan 27, 2021.
             Was a Believer of Dithmenos.
             Killed by divine providence
             ... invoked by an orc priest
              (14 damage)
             ... on level 3 of the Dungeon.
             The game lasted 00:02:46 (2274 turns).

kaeus the Sneak (Octopode Monk)                     Turns: 2274, Time: 00:02:47

Health: -4/37      AC:  1    Str: 11    XL:     5   Next: 35%
Magic:  5/5        EV: 15    Int: 12    God:    Dithmenos [**....]
Gold:   115        SH:  0    Dex: 15    Spells: 4/4 levels left

rFire    . . .     SeeInvis .   a - +0 short sword
rCold    . . .     Faith    .   (no shield)
rNeg     . . .     Spirit   .   (helmet restricted)
rPois    .         Reflect  .   (no amulet)
rElec    .         Harm     .   (no ring)
rCorr    .         Rampage  .   (no ring)
Will     .....                  (no ring)
Stlth    +++++.....             (no ring)
HPRegen  0.12/turn              (no ring)
MPRegen  0.09/turn              (no ring)
                                (no ring)
                                (no ring)

@: wreathed by umbra
A: almost no armour, stealthy swim, amphibious, 8 rings, constrict 8, camouflage
1, gelatinous body 1
a: Renounce Religion, Shadow Step


You were on level 3 of the Dungeon.
You worshipped Dithmenos.
Dithmenos was pleased with you.
You visited 1 branch of the dungeon, and saw 3 of its levels.

You collected 115 gold pieces.

Inventory:

Hand Weapons
 a - a +0 short sword (weapon)
Scrolls
 b - 4 scrolls of identify {unknown}
 c - a scroll of enchant weapon {unknown}
 d - a scroll of fog {unknown}
 e - a scroll of amnesia {unknown}
 g - a scroll of magic mapping {unknown}
 i - 3 scrolls of random uselessness {unknown}
Potions
 f - a potion of heal wounds {unknown}
 h - a potion of might {unknown}
 j - a potion of curing {unknown}
 k - 3 potions of mutation {unknown}
 l - a potion of berserk rage {unknown}


   Skills:
 + Level 3.7 Fighting
 + Level 3.7 Short Blades
 + Level 3.7 Dodging
 * Level 5.2 Stealth


You had 4 spell levels left.
You didn't know any spells.
Your spell library was empty.

Dungeon Overview and Level Annotations

Branches:
Dungeon (3/15)

Altars:
Dithmenos


Innate Abilities, Weirdness & Mutations

You cannot wear most types of armour.
You are very stealthy in the water. (Stealth+)
You are amphibious.
You can wear up to eight rings at the same time.
You can use your tentacles to constrict eight enemies at once.
Your skin changes colour to match your surroundings (Stealth+).
Your rubbery body absorbs attacks. (AC +1, EV +1)


Message History

There are monsters nearby!
You take 15 damage, and have 22/37 hp.
MASSIVE DAMAGE!!
You completely miss the orc. You squeeze the orc, but do no damage.
The orc is heavily wounded.
You constrict the orc, but do no damage.
The orc misses you. The leopard gecko closely misses you.
The orc barely misses you.
There are monsters nearby!
You barely miss the orc.
The orc is heavily wounded.
You constrict the orc. The orc priest hits you. The leopard gecko bites you.
The orc closely misses you.
There are monsters nearby!
You take 7 damage, and have 15/37 hp.
You release your grip on the orc.
The leopard gecko bites you.
* * * LOW HITPOINT WARNING * * *
You take 5 damage, and have 10/37 hp.
The orc priest calls down the wrath of Beogh upon you.
Beogh smites you!
You die...

# ###. .# .#
..##.#.##.##.#
.............#
.............#
#..........#
#.oooo....# .#
#o....=# ..
#l#.#..# #.
#@#.#..###
.##..#$#)#.....
#...............
#.##..##..##.###
##.. #.....$..
.... #..##.###
..###.##.?# #
...>......##.#
####..<.....#


You could see an orc priest, 3 orcs and a leopard gecko.

Vanquished Creatures
  Jessica (D:2)
  Natasha (thrice) (D:2)
  An adder (D:2)
  A worm (D:2)
  An orc (D:3)
  8 bats
  4 giant cockroaches
  5 goblins
  7 hobgoblins
  6 kobolds
  3 frilled lizards
  3 rats
43 creatures vanquished.

Vanquished Creatures (others)
  26 plants (D:2)
26 creatures vanquished.

Grand Total: 69 creatures vanquished

Notes
Turn   | Place    | Note
-------+----------+-------------------------------------------
     0 | D:1      | kaeus the Octopode Monk began the quest for the Orb.
     0 | D:1      | Reached XP level 1. HP: 16/16 MP: 1/1
    40 | D:1      | Reached skill level 3 in Stealth
   157 | D:1      | Reached XP level 2. HP: 15/21 MP: 2/2
   621 | D:1      | Reached XP level 3. HP: 26/26 MP: 3/3
   839 | D:2      | Noticed Natasha
   848 | D:2      | Killed Natasha
   849 | D:2      | Reached skill level 4 in Stealth
  1236 | D:2      | Reached XP level 4. HP: 31/31 MP: 4/4
  1360 | D:2      | Noticed Jessica
  1370 | D:2      | Killed Jessica
  1617 | D:2      | Found a shadowy altar of Dithmenos.
  1617 | D:2      | Noticed Natasha
  1627 | D:2      | Killed Natasha
  1628 | D:2      | Reached XP level 5. HP: 36/36 MP: 5/5
  1633 | D:2      | Became a worshipper of Dithmenos the Shadowed
  1633 | D:2      | Reached * piety under Dithmenos
  1633 | D:2      | Reached ** piety under Dithmenos
  1813 | D:2      | Noticed Natasha
  1824 | D:2      | Killed Natasha
  1825 | D:2      | Reached skill level 5 in Stealth
  2274 | D:3      | Killed from afar by an orc priest

Illustrated notes

Levels and vault maps discovered:
D:1:      scummos_arrival_star, layout_basic, grunt_decor_clamped
D:2:      layout_loops_ring, serial_bayou, serial_bayou_shore_b,
          serial_bayou_lagoon_a, serial_bayou_pond_d, serial_bayou_pond_e,
          serial_bayou_pond_b, serial_bayou_ford_a, minmay_misc_feat_ornament,
          nicolae_dithmenos_through_a_glass_darkly, uniq_natasha, uniq_jessica
D:3:      layout_loops_ring, uniq_sigmund

Skill      XL: |  1  2  3  4  5 |
---------------+----------------+-----
Stealth        | 3 4 5 |  5.2
Fighting       | |  3.7
Short Blades   | |  3.7
Dodging        | |  3.7

Action                   |  1- 3 |  4- 6 || total
-------------------------+-------+-------++-------
Melee: Short sword       |    59 |    36 ||    95
       Constrict         |    14 |     9 ||    23
       Tentacles         |     9 |     6 ||    15
 Stab: Sleeping          |     9 |     4 ||    13
       Distracted        |     1 |       ||     1
Armor: Skin              |     1 |     7 ||     8
Dodge: Dodged            |    32 |    27 ||    59
